 Dungeon Crawl Stone Soup version 0.21.1-1-g345015f (webtiles) character file.

322 ChromeMolly the Sneak (level 6, 0/42 HPs)
             Began as an Octopode Wanderer on Feb 26, 2018.
             Slain by an orc
             ... wielding a +0 trident
              (2 damage)
             ... on level 3 of the Dungeon.
             The game lasted 00:30:09 (3132 turns).

ChromeMolly the Sneak (Octopode Wanderer)           Turns: 3132, Time: 00:30:09

Health: 0/42       AC:  1    Str: 12    XL:     6   Next: 47%
Magic:  6/6        EV: 14    Int: 15    God:
Gold:   153        SH:  0    Dex: 12    Spells: 5/5 levels left

rFire    . . .     SeeInvis .   l - +0 dagger
rCold    . . .     Gourm    .   (no shield)
rNeg     . . .     Faith    .   (helmet restricted)
rPois    .         Spirit   .   f - amulet of regeneration
rElec    .         Reflect  .   (no ring)
rCorr    .         Harm     .   (no ring)
MR       .....                  (no ring)
Stlth    ++++......             (no ring)
HPRegen  0.54/turn              (no ring)
MPRegen  0.10/turn              (no ring)
                                (no ring)
                                (no ring)

@: no status effects
A: almost no armour, stealthy swim, amphibious, 8 rings, constrict 8, camouflage
1, gelatinous body 1
a: no special abilities


You were on level 3 of the Dungeon.
You were not hungry.

You visited 1 branch of the dungeon, and saw 3 of its levels.

You collected 153 gold pieces.

Inventory:

Hand Weapons
 l - a +0 dagger (weapon)
Missiles
 a - 35 stones (quivered)
 h - 18 poisoned needles
Jewellery
 f - an amulet of regeneration (around mantle)
Scrolls
 b - 6 scrolls of teleportation
Potions
 e - 2 potions of brilliance
 g - a potion of invisibility
 i - a potion of heal wounds
Comestibles
 c - 7 rations
 d - 6 chunks of flesh


   Skills:
 + Level 3.4 Fighting
 + Level 1.8 Short Blades
   Level 3.0 Polearms
   Level 2.0 Bows
 + Level 1.8 Throwing
 + Level 2.7 Dodging
 + Level 4.3 Stealth
   Level 1.0 Shields
 + Level 2.0 Unarmed Combat


You had 5 spell levels left.
You didn't know any spells.

Dungeon Overview and Level Annotations

Branches:
Dungeon (3/15)

Altars:


Innate Abilities, Weirdness & Mutations

You cannot wear most types of armour.
You are very stealthy in the water. (Stealth+)
You are amphibious.
You can wear up to eight rings at the same time.
You can use your tentacles to constrict eight enemies at once.
Your skin changes colour to match your surroundings (Stealth+).
Your rubbery body absorbs attacks. (AC +1, EV +1)


Message History

The orc shouts! x2; The orc wizard shouts!
Found 17 stones.
An orc priest comes into view. It is wielding a mace.
The orc zaps a wand.
The puff of flame hits you!
It is a wand of flame (9).
The orc zaps a wand.
The puff of flame misses you.
The puff of flame hits the plant.
The orc barely misses you.
The orc zaps a wand.
The puff of flame hits you! The orc wizard casts a spell at you.
You resist with some effort. The orc closely misses you.
You hit the orc priest. Your grab misses the orc priest.
You squeeze the orc priest.
The orc priest is heavily wounded.
The orc wizard barely misses you.
The orc priest mumbles some strange prayers to Beogh against you.
Beogh smites you!
* * * LOW HITPOINT WARNING * * *
The orc hits you with a war axe!
* * * LOW HITPOINT WARNING * * *
The orc hits you from afar with a trident.
You die...

....#.. ♣P..#.. .
♣..... .. ♣P..#
#####
...♣♣♣P..###...#
#.....♣......♣.♣♣
.♣
#...♣♣PP.#♣♣.P♣
#..
#..oo...#♣♣..♣
#.##
##.#@o..#♣P♣.♣
#.##
##..#o(#♣P.P♣
#.##
#.#.##.#♣.P♣♣
#.##
#.##.....♣.♣♣
###... #.#
######♣P.♣ #.....
#.# ♣♣.♣ #.#.##
## #.# #.#...
#.####.#..#
#......P...


You could see an orc priest, an orc wizard and 2 orcs.

Vanquished Creatures
  Sigmund (D:3)
  An orc wizard (D:3)
  4 adders
  A worm (D:2)
  2 dart slugs
  4 leopard geckos
  5 orcs (D:3)
  2 ball pythons
  9 bats
  2 giant cockroaches (D:1)
  6 goblins
  8 hobgoblins
  10 jackals
  A quokka (D:3)
  A frilled lizard (D:1)
  5 kobolds
  9 rats
71 creatures vanquished.

Notes
Turn   | Place    | Note
-------+----------+-------------------------------------------
     0 | D:1      | ChromeMolly the Octopode Wanderer began the quest for the Orb.
     0 | D:1      | ChromeMolly set off with: a +0 spear, a scroll of teleportation, a ration
     0 | D:1      | Reached XP level 1. HP: 14/14 MP: 1/1
   260 | D:1      | Reached skill level 2 in Stealth
   519 | D:1      | Reached XP level 2. HP: 19/19 MP: 2/2
  1092 | D:1      | Reached XP level 3. HP: 19/25 MP: 3/3
  1736 | D:2      | Reached skill level 1 in Unarmed Combat
  1798 | D:2      | Reached skill level 3 in Stealth
  1932 | D:2      | Reached XP level 4. HP: 30/30 MP: 4/4
  2434 | D:2      | Reached skill level 1 in Throwing
  2558 | D:2      | Found a faded altar of an unknown god.
  2681 | D:3      | Noticed Sigmund
  2692 | D:3      | Killed Sigmund
  2692 | D:3      | Reached skill level 1 in Short Blades
  2692 | D:3      | Reached skill level 4 in Stealth
  2692 | D:3      | Reached XP level 5. HP: 15/36 MP: 5/5
  2692 | D:3      | Reached XP level 6. HP: 18/42 MP: 6/6
  3132 | D:3      | HP: 2/42 [orc/war axe (10)]
  3132 | D:3      | Slain by an orc

Skill      XL: |  1  2  3  4 |
---------------+-------------+-----
Stealth        | 2 3 4 |  4.3
Unarmed Combat | 1 2 |  2.0
Throwing       | 1 |  1.8
Dodging        | 2 |  2.7
Fighting       | 3 |  3.4
Short Blades   | 1 |  1.8
Polearms       | |  3.0
Bows           | |  2.0
Shields        | |  1.0

Action                   |  1- 3 |  4- 6 || total
-------------------------+-------+-------++-------
Melee: Unarmed           |    96 |       ||    96
       Constrict         |    34 |    25 ||    59
       Tentacles         |    19 |    18 ||    37
       Dagger            |    20 |   103 ||   123
       Punch             |       |     1 ||     1
Throw: Stone             |    32 |    20 ||    52
  Use: Scroll            |     4 |     3 ||     7
 Stab: Sleeping          |     5 |     5 ||    10
  Eat: Chunk             |     3 |     4 ||     7
Armor: Skin              |    14 |     4 ||    18
Dodge: Dodged            |    65 |    74 ||   139
